 Dungeon Crawl Stone Soup version 0.29.1-2-gbd0b4ee654 (webtiles) character file.

Game seed: 11210083503072754666

175 warriortoast the Sneak (level 5, -1/24 HPs)
             Began as a Spriggan Enchanter on Nov 18, 2022.
             Succumbed to an adder's poison
             ... on level 3 of the Dungeon.
             The game lasted 00:10:18 (4221 turns).

warriortoast the Sneak (Spriggan Enchanter)         Turns: 4221, Time: 00:10:18

Health: -1/24      AC:  3    Str:  6    XL:     5   Next: 29%
Magic:  1/11       EV: 18    Int: 16    God:
Gold:   80         SH:  0    Dex: 16    Spells: 3/11 levels left

rFire   . . .      SeeInvis +   a - +1 dagger
rCold   . . .      Faith    .   (no shield)
rNeg    . . .      Spirit   .   b - +1 robe
rPois   .          Reflect  .   (helmet restricted)
rElec   .          Harm     .   (no cloak)
rCorr   +          Rampage  .   (gloves unavailable)
Will    .....                   (boots unavailable)
Stlth   ++........              (no amulet)
HPRegen 0.08/turn               k - ring of resist corrosion
MPRegen 0.12/turn               (no ring)

@: lethally poisoned (-1 -> -7), slow
A: very small, no large weapons, unfitting armour, see invisible, speed 3
a: no special abilities


You were on level 3 of the Dungeon.
You visited 1 branch of the dungeon, and saw 3 of its levels.

You collected 80 gold pieces.

Inventory:

Hand Weapons
 a - a +1 dagger (weapon)
 e - a +0 sling
Armour
 b - a +1 robe (worn)
Jewellery
 k - a ring of resist corrosion (left hand)
Scrolls
 m - a scroll of amnesia {unknown}
 n - a scroll of poison {unknown}
 o - 2 scrolls of enchant weapon {unknown}
 p - a scroll of noise {unknown}
 q - a scroll of blinking {unknown}
 r - a scroll of summoning {unknown}
 s - a scroll of vulnerability {unknown}
Potions
 c - 2 potions of invisibility
 d - a potion of degeneration {unknown}
 f - a potion of flight {unknown}
 g - a potion of ambrosia {unknown}
 i - a potion of haste {unknown}
 j - a potion of mutation {unknown}
 l - a potion of cancellation {unknown}


   Skills:
 + Level 2.6 Short Blades
 + Level 4.0 Dodging
 + Level 5.7 Stealth
 + Level 3.8 Spellcasting
 + Level 4.6 Hexes


You had 3 spell levels left.
You knew the following spells:

 Your Spells              Type           Power      Damage    Failure   Level
a - Ensorcelled Hibernat  Hex/Ice        20%        N/A       10%         2
b - Confusing Touch       Hex            17%        N/A       8%          3
c - Tukima's Dance        Hex            17%        N/A       8%          3

Your spell library contained the following spells:

 Spells                   Type           Power      Damage    Failure   Level
 Dazzling Flash           Conj/Hex       20%        N/A       21%         3
 Passwall                 Tmut/Erth      2%         N/A       26%         2
 Swiftness                Air            3%         N/A       45%         3
 Silence                  Hex/Air        5%         N/A       88%         5
 Agony                    Necr           3%         N/A       99%         5


Dungeon Overview and Level Annotations

Branches:
Dungeon (3/15)

Altars:

Portals:
Sewer: D:3


Innate Abilities, Weirdness & Mutations

You are very small and have problems with some larger weapons.
You are too small for most types of armour.
You have supernaturally acute eyesight. (SInv)
You cover ground extremely quickly. (Speed+++)


Message History

Press: ? - help, Shift-Dir - straight line, f - adder
Aim: an adder (chance to affect: 52%)
The adder looks drowsy...
The adder completely misses you.
The helpless adder fails to defend itself.
You impale the adder!!
You kill the adder!
The adder closely misses you.
Casting: Ensorcelled Hibernation (safe; 10% risk of failure)
Confirm with . or Enter, or press ? or * to list all spells.
Aiming: Ensorcelled Hibernation (safe; 10% risk of failure)
Press: ? - help, Shift-Dir - straight line, f - river rat
Aim: a river rat (chance to affect: 52%)
The river rat looks drowsy...
The adder misses you. The adder closely misses you.
Your unstable footing causes you to fumble your attack.
The adder closely misses you.
The river rat bites you but does no damage.
Your unstable footing causes you to fumble your attack.
The adder closely misses you.
You hit the river rat.
The river rat is lightly wounded.
The river rat barely misses you. The adder misses you.
You barely miss the river rat.
You punch the river rat, but do no damage.
The river rat is lightly wounded.
The river rat bites you. The adder closely misses you.
You closely miss the river rat.
The river rat is lightly wounded.
The adder barely misses you. The river rat bites you!
* * * LOW HITPOINT WARNING * * *
Okay, then.
The adder completely misses you. The river rat barely misses you.
The adder completely misses you. The river rat closely misses you.
The adder misses you. The adder bites you.
* * * LOW HITPOINT WARNING * * *
You are lethally poisoned!
The adder poisons you!
The river rat bites you but does no damage.
You die...

##...##...#....,*
...#..#...#.#.######
..........#.#.#....##***####
#.............#......,,,...###
#.###.....#.#......#****#....##
..# ##.####.#..##########~~...#
..# #.#* #.#..##~~~~~~∩#~~~..#
#.# #..* #.#..##r#######~#...#
#.# ##.#*#....#@Sw~~~†~#~~~..#
#.** #..##...#########~#~#~..#
*,,* **#......#*~*#~S~~~#~~~~.#
,*,***...##.#.#*~~~~#~#~#~#~..#
,,,,,,.#.##.#.#*##**#~#~#~#~..#
.#.****#.##.#.#*~~~~~~#~~~#...#
...#####.##.#.#**##########...#
.........##.#.# #.........####
............#.# #.........#


You could see a worm, an adder and a river rat.

Vanquished Creatures
  4 gnolls (D:2)
  6 adders
  4 worms
  2 dart slugs (D:2)
  3 bats
  5 endoplasms
  5 giant cockroaches
  5 goblins
  9 hobgoblins
  3 jackals (D:2)
  7 kobolds
  3 quokkas
  5 ball pythons
  3 frilled lizards
  5 rats
69 creatures vanquished.

Vanquished Creatures (others)
  77 plants (D:2)
77 creatures vanquished.

Grand Total: 146 creatures vanquished

Notes
Turn   | Place    | Note
-------+----------+-------------------------------------------
     0 | D:1      | warriortoast the Spriggan Enchanter began the quest for the
                  | Orb.
     0 | D:1      | Reached XP level 1. HP: 9/9 MP: 5/5
   541 | D:1      | Found a faded altar of an unknown god.
   546 | D:1      | Reached XP level 2. HP: 13/13 MP: 6/6
  1090 | D:1      | Learned a level 2 spell: Ensorcelled Hibernation
  1660 | D:2      | Reached XP level 3. HP: 8/16 MP: 1/8
  1876 | D:2      | Reached skill level 5 in Stealth
  2431 | D:2      | Learned a level 3 spell: Confusing Touch
  2435 | D:2      | Learned a level 3 spell: Tukima's Dance
  2977 | D:2      | Reached XP level 4. HP: 19/21 MP: 10/10
  4058 | D:3      | Reached XP level 5. HP: 22/24 MP: 5/11
  4202 | D:3      | HP: 1/24 [adder (3)]
  4207 | D:3      | Found a glowing drain.
  4220 | D:3      | HP: 1/24 [adder (1)]
  4221 | D:3      | Succumbed to an adder's poison

Illustrated notes

Levels and vault maps discovered:
D:1:      dpeg_arrival_signposts, layout_loops_corners,
          hellmonk_ecumenical_altar_inner_sanctum, minmay_misc_feat_rows
D:2:      layout_loops_ring, serial_bayou, serial_bayou_pond_e,
          serial_bayou_shore_a, serial_bayou_pond_b, serial_bayou_lagoon_a,
          nicolae_grassy_gnolls
D:3:      layout_rooms, lightli_sewer_entry_pipes,
          minmay_fractal_squares_diagonal_5

Skill      XL: |  1  2  3  4  5 |
---------------+----------------+-----
Dodging        | 3 4 |  4.0
Spellcasting   | 3 |  3.8
Hexes          | 4 |  4.6
Stealth        | 5 |  5.7
Short Blades   | 2 |  2.6

Action                   |  1- 3 |  4- 6 || total
-------------------------+-------+-------++-------
Melee: Dagger            |   123 |    81 ||   204
       Punch             |     2 |     1 ||     3
 Fire: Sling             |       |    62 ||    62
 Cast: Ensorcelled Hiber |    33 |    19 ||    52
       Confusing Touch   |     1 |     5 ||     6
  Use: Potion            |     1 |     2 ||     3
       Scroll            |       |     3 ||     3
 Stab: Sleeping          |    19 |    13 ||    32
       Confused          |     1 |     4 ||     5
Armor: Robe              |    10 |    10 ||    20
Dodge: Dodged            |    87 |   126 ||   213
